 Dungeon Crawl Stone Soup version 0.29.0-4-gdea44cf6ec (webtiles) character file.

Game seed: 5502446781177815825

121 qw the Chopper (level 5, 0/30 HPs)
             Began as a Tengu Warper on Aug 28, 2022.
             Slain by a gnoll
             ... wielding a +0 halberd
              (8 damage)
             ... on level 3 of the Dungeon.
             The game lasted 00:00:14 (3274 turns).

qw the Chopper (Tengu Warper)                       Turns: 3274, Time: 00:00:15

Health: 0/30       AC:  5    Str: 13    XL:     5   Next: 5%
Magic:  9/9        EV: 13    Int: 14    God:
Gold:   124        SH:  5    Dex: 13    Spells: 8/8 levels left

rFire   . . .      SeeInvis +   Y - +0 hand axe
rCold   . . .      Faith    .   (no shield)
rNeg    . . .      Spirit   .   d - +0 ring mail
rPois   .          Reflect  +   (helmet restricted)
rElec   .          Harm     .   (no cloak)
rCorr   .          Rampage  .   (no gloves)
Will    .....                   (boots unavailable)
Stlth   +.........              e - amulet of reflection
HPRegen 0.10/turn               c - ring of see invisible
MPRegen 0.11/turn               (no ring)

@: flying quickly and evasively, quick
A: beak, talons 3, nimble flight
a: no special abilities


You were on level 3 of the Dungeon.
You visited 1 branch of the dungeon, and saw 3 of its levels.

You collected 124 gold pieces.


Innate Abilities, Weirdness & Mutations

You have a beak for a mouth.
You have claws for feet.
Your magical nature lets you fly swiftly and evasively.


   Skills:
 - Level 2.0 Fighting
 + Level 5.5 Axes
 - Level 1.0 Throwing
 - Level 1.1 Armour
 - Level 2.1 Dodging
 - Level 2.0 Spellcasting
 - Level 2.4 Translocations


You had 8 spell levels left.
You didn't know any spells.
Your spell library contained the following spells:

 Spells                   Type           Power      Damage    Failure   Level
 Blink                    Tloc           16%        N/A       28%         2
 Gell's Gravitas          Tloc           8%         N/A       50%         3
 Lesser Beckoning         Tloc           8%         N/A       50%         3
 Teleport Other           Tloc           8%         N/A       50%         3
 Manifold Assault         Tloc           8%         N/A       99%         5

Inventory:

Hand Weapons
 b - a +0 whip
 Y - a +0 hand axe (weapon)
Missiles
 k - a boomerang (quivered)
Armour
 a - a +0 pair of gloves
 d - a +0 ring mail (worn)
 n - a +0 scale mail
Jewellery
 c - a ring of see invisible (left hand)
 e - an amulet of reflection (around neck)
 l - a ring of ice
Potions
 f - a potion of brilliance {unknown}
 g - a potion of lignification {unknown}
 h - a potion of resistance {unknown}
 i - a potion of mutation {unknown}
 j - 2 potions of curing
 m - a potion of might {unknown}

Dungeon Overview and Level Annotations

Branches:
Dungeon (3/15)

Altars:
Hepliaklqana


Message History

The gnoll is severely wounded.
You block the gnoll's attack.
You hit the gnoll but do no damage. You claw the gnoll.
You kill the gnoll!
You have reached level 5!
Your magical nature develops, letting you fly swiftly and evasively.
You see here a +0 whip.
A gnoll comes into view. It is wielding a +0 whip.
The gnoll shouts!
You hear a shout!
An orc comes into view. It is wielding a +0 dagger.
You hear a shout!
3265 ||| Stepping ~*~*~tactically~*~*~ (stealth).
You hear a shout!
A gnoll comes into view. It is wielding a +1 vampiric spear.
You hear a shout!
You see here a +0 whip.
3266 ||| Stepping ~*~*~tactically~*~*~ (hiding).
You start waiting.
A gnoll is nearby!
A giant cockroach comes into view.
The orc shouts!
The gnoll hits you from afar with a +0 halberd!
The giant cockroach moves out of view.
You see here a +0 whip.
An orc comes into view. It is wielding a +0 whip.
The orc shouts!
The gnoll closely misses you.
The gnoll hits you from afar with a +1 vampiric spear.
You completely miss the gnoll. Your kick misses the gnoll.
The gnoll hits you with a +0 halberd. The gnoll closely misses you.
An orc comes into view. It is wielding a +4 flail.
You hit the gnoll but do no damage. You claw the gnoll.
You peck the gnoll, but do no damage.
The gnoll is lightly wounded.
The gnoll hits you from afar with a +1 vampiric spear.
You closely miss the gnoll. You peck the gnoll.
The gnoll is moderately wounded.
You hit the gnoll. The gnoll hits you with a +0 halberd!
You die...

...## ##### ###...#
.)..# ...# ######>.
....##### ...#
#....... ###.....#
....####....... #
#.#.#.#
o....#.'.......
###.#.# ######o...
#.#....... ..'...#
#....gBo. #.#.......
###.### #.###g#
#.#....... # #.#
#..)@g# #.#....[..
###.# #.########
#.#....... ....#
#......... #.#.......
##### #.########
#.#....... #######
#.# #.#.......
.......
#.##########.#.......
#######
#............#.......
#####################


You could see 3 gnolls, 3 orcs and a giant cockroach.

Vanquished Creatures
  An orc wizard (D:3)
  A gnoll (D:3)
  3 adders (D:3)
  2 worms
  A dart slug (D:2)
  4 orcs (D:3)
  7 endoplasms
  6 hobgoblins
  3 kobolds
  2 quokkas
  5 ball pythons
  4 bats
  A frilled lizard (D:1)
  3 goblins
  6 rats
49 creatures vanquished.

Notes
Turn   | Place    | Note
-------+----------+-------------------------------------------
     0 | D:1      | qw the Tengu Warper began the quest for the Orb.
     0 | D:1      | Reached XP level 1. HP: 12/12 MP: 4/4
     0 | D:1      | 0 ||| qw: Version: 0.1-a-89-g26bdef1
     0 | D:1      | 0 ||| qw: Game counter: 1097
     0 | D:1      | 0 ||| qw: Always use a shield: true
     0 | D:1      | 0 ||| qw: God list: Okawaru
     0 | D:1      | 0 ||| qw: Allow faded altars: false
     0 | D:1      | 0 ||| qw: Do Orc after D:15 true
     0 | D:1      | 0 ||| qw: Do second Lair branch before Depths: true
     0 | D:1      | 0 ||| qw: Lair rune preference: random
     0 | D:1      | 0 ||| qw: Plans: Normal
     0 | D:1      | 0 ||| PLANNING D:1-11
    99 | D:1      | Reached skill level 3 in Axes
    99 | D:1      | Reached XP level 2. HP: 17/17 MP: 6/6
   525 | D:1      | Found a faded altar of an unknown god.
   761 | D:1      | Reached XP level 3. HP: 21/21 MP: 7/7
   902 | D:1      | 902 ||| UPGRADING to +0 ring mail.
   912 | D:1      | 912 ||| DROPPING +0 leather armour.
   913 | D:1      | 913 ||| READING scroll labelled GUMERU CASTRAGA.
   914 | D:1      | 914 ||| DROPPING scroll of blinking.
   915 | D:1      | 915 ||| Stepping randomly (stuck).
   916 | D:1      | 916 ||| Stepping ~*~*~tactically~*~*~ (cloud).
   920 | D:1      | HP: 5/21 [poisoned by you (poison gas)]
   923 | D:1      | HP: 2/21 [poisoned by you (poison gas)]
  1370 | D:2      | 1370 ||| DROPPING +0 club.
  1482 | D:2      | 1482 ||| Stepping ~*~*~tactically~*~*~ (hiding).
  1491 | D:2      | Reached skill level 4 in Axes
  2236 | D:2      | 2236 ||| UPGRADING to amulet of reflection.
  2241 | D:2      | 2241 ||| UPGRADING to ring of see invisible.
  2242 | D:2      | 2242 ||| READING scroll labelled DELAEMA REOHOI.
  2245 | D:2      | 2245 ||| READING scroll labelled GAYHOAGIJ.
  2246 | D:2      | 2246 ||| READING scroll labelled PICZEV ALAPP.
  2247 | D:2      | 2247 ||| READING scroll labelled TIESTI QYALEAG.
  2248 | D:2      | 2248 ||| DRINKING 3 fuming green potions.
  2625 | D:3      | Reached XP level 4. HP: 26/26 MP: 8/8
  2651 | D:3      | Found a hazy altar of Hepliaklqana.
  2794 | D:3      | 2794 ||| FLEEEEING.
  2795 | D:3      | 2795 ||| FLEEEEING.
  2796 | D:3      | 2796 ||| FLEEEEING.
  2797 | D:3      | 2797 ||| FLEEEEING.
  2798 | D:3      | 2798 ||| FLEEEEING.
  2799 | D:3      | 2799 ||| FLEEEEING.
  2800 | D:3      | 2800 ||| FLEEEEING.
  2801 | D:3      | 2801 ||| FLEEEEING.
  2806 | D:3      | 2806 ||| FLEEEEING.
  2807 | D:3      | 2807 ||| FLEEEEING.
  2808 | D:3      | 2808 ||| FLEEEEING.
  2809 | D:3      | 2809 ||| FLEEEEING.
  2810 | D:3      | 2810 ||| FLEEEEING.
  2815 | D:3      | 2815 ||| FLEEEEING.
  2816 | D:3      | 2816 ||| FLEEEEING.
  2817 | D:3      | 2817 ||| FLEEEEING.
  2818 | D:3      | 2818 ||| FLEEEEING.
  2819 | D:3      | 2819 ||| FLEEEEING.
  2820 | D:3      | 2820 ||| FLEEEEING.
  2821 | D:3      | 2821 ||| FLEEEEING.
  2823 | D:3      | 2823 ||| FLEEEEING.
  2824 | D:3      | 2824 ||| FLEEEEING.
  2930 | D:3      | 2930 ||| Stepping ~*~*~tactically~*~*~ (hiding).
  2932 | D:3      | 2932 ||| Stepping ~*~*~tactically~*~*~ (hiding).
  2934 | D:3      | 2934 ||| Stepping ~*~*~tactically~*~*~ (hiding).
  2944 | D:3      | 2944 ||| DRINKING 3 potions of curing.
  2944 | D:3      | 2944 ||| (to cure confusion)
  2947 | D:3      | Reached skill level 5 in Axes
  3258 | D:3      | 3258 ||| Stepping ~*~*~tactically~*~*~ (stealth).
  3263 | D:3      | Gained mutation: Your magical nature lets you fly swiftly
                  | and evasively. [Tengu growth]
  3263 | D:3      | Reached XP level 5. HP: 30/30 MP: 9/9
  3265 | D:3      | 3265 ||| Stepping ~*~*~tactically~*~*~ (stealth).
  3266 | D:3      | 3266 ||| Stepping ~*~*~tactically~*~*~ (hiding).
  3274 | D:3      | Slain by a gnoll

Levels and vault maps discovered:
D:1:      shiori_arrival_oz, layout_loops_ring,
          hellmonk_ecumenical_altar_inner_sanctum
D:2:      layout_loops_corners
D:3:      layout_basic, lemuel_doored_altar, grunt_decor_resistance

Skill      XL: |  1  2  3  4 |
---------------+-------------+-----
Axes           | 3 4 5 |  5.5
Fighting       | |  2.0
Throwing       | |  1.0
Armour         | |  1.1
Dodging        | |  2.1
Spellcasting   | |  2.0
Translocations | |  2.4

Action                   |  1- 3 |  4- 6 || total
-------------------------+-------+-------++-------
Melee: Hand axe          |    79 |    37 ||   116
       Kick              |    13 |     6 ||    19
       Peck              |     4 |    13 ||    17
       Punch             |     2 |     1 ||     3
Throw: Boomerang         |    28 |    12 ||    40
  Use: Scroll            |     5 |       ||     5
       Potion            |     1 |     1 ||     2
Armor: Leather armour    |     8 |       ||     8
       Ring mail         |     7 |     7 ||    14
Dodge: Dodged            |    27 |    19 ||    46
Block: Other             |     4 |     8 ||    12

Table legend:
 A = Non-vault XP
 B = Vault XP
 C = Vault XP percentage of total XP
 D = Non-vault monster count
 E = Vault monster count
 F = Vault count percentage of total count
                 A         B        C        D         E       F
            +---------+---------+-------+---------+---------+-------
      Total |     169 |       4 |   2.3 |      47 |       2 |   4.1
            +---------+---------+-------+---------+---------+-------
        D:1 |      31 |       4 |  11.4 |      21 |       2 |   8.7
        D:2 |      27 |       0 |   0.0 |      12 |       0 |   0.0
        D:3 |     111 |       0 |   0.0 |      14 |       0 |   0.0
            +---------+---------+-------+---------+---------+-------
